 Dungeon Crawl Stone Soup version 0.30-a0-137-gd8773701ce (webtiles) character file.

Game seed: 15254984540979934580

25 ytrimaz the Cutter (level 2, -1/24 HPs)
             Began as a Demonspawn Gladiator on Sept 22, 2022.
             Slain by a quokka (3 damage)
             ... on level 2 of the Dungeon.
             The game lasted 00:01:03 (1066 turns).

ytrimaz the Cutter (Demonspawn Gladiator)           Turns: 1066, Time: 00:01:04

Health: -1/24      AC:  4    Str: 14    XL:     2   Next: 82%
Magic:  2/2        EV: 12    Int:  9    God:
Gold:   17         SH:  0    Dex: 14    Spells: 1/1 levels left

rFire   . . .      SeeInvis .    a - +0 rapier
rCold   . . .      Faith    .    (no shield)
rNeg    . . .      Spirit   .    b - +0 leather armour
rPois   .          Reflect  .    c - +0 helmet
rElec   .          Harm     .    (no cloak)
rCorr   .          Rampage  .    (no gloves)
Will    .....                    (no boots)
Stlth   +.........               (no amulet)
HPRegen 0.08/turn                (no ring)
MPRegen 0.08/turn                (no ring)

@: about to teleport
A: powered by death 1
a: no special abilities


You were on level 2 of the Dungeon.
You visited 1 branch of the dungeon, and saw 2 of its levels.

You collected 17 gold pieces.


Innate Abilities, Weirdness & Mutations

You regenerate a little health from kills.


   Skills:
 * Level 3.0 Fighting
 - Level 3.0 Short Blades
 - Level 1.7 Throwing
 + Level 0.4 Armour
 - Level 2.6 Dodging


You had one spell level left.
You didn't know any spells.
Your spell library contained the following spells:

 Spells                   Type           Power      Damage    Failure   Level
 Freeze                   Ice            0%         1d3       45%         1
 Frozen Ramparts          Ice            0%         1d1       83%         3
 Hailstorm                Conj/Ice       0%         3d3       99%         4

Inventory:

Hand Weapons
 a - a +0 rapier (weapon)
Missiles
 d - 3 throwing nets (quivered)
 e - a javelin
Armour
 b - a +0 leather armour (worn)
 c - a +0 helmet (worn)
Scrolls
 g - a scroll of silence {unknown}

Dungeon Overview and Level Annotations

Branches:
Dungeon (2/15) Zot: 10930

Altars:

...# #.# ##.###.#
#.....##
####...##### ......
##......### ..?..
#....#...#### ....
#....###....# .⌠.
#..########.##.. .
#... #.....@.#.# ...
#....#######r#)#...#
#.#.. #rg...# #. #.
#)##### ...# .....#
.......# .#####.#
#..


You could see a quokka, a hobgoblin and a rat.


Message History

A goblin comes into view. It is wielding a +0 club.
A goblin is nearby!
Unknown command.
A goblin is nearby!
A goblin is nearby!
Unknown command.
A goblin is nearby!
The goblin shouts!
You hear a shout!
You hit the goblin. The goblin barely misses you.
Unknown command.
You puncture the goblin!
You kill the goblin!
A hobgoblin comes into view.
Your Fighting skill increases to level 3! 😎 HP[+1]
You now have 24 max hp (+1).
Your hp is fully restored (24).
A quokka and a goblin come into view.
The hobgoblin misses you.
The quokka moves out of view.
The goblin moves out of view.
A hobgoblin is nearby!
You barely miss the hobgoblin.
A rat comes into view.
The hobgoblin barely misses you.
Unknown command.
You closely miss the hobgoblin. You hit the hobgoblin.
The hobgoblin hits you but does no damage.
Unknown command.
You puncture the goblin!
You kill the goblin!
The rat bites you but does no damage. The hobgoblin hits you. 😕 HP[-3]
You take 3 damage, and now have 21/24 hp.
You hit the quokka but do no damage. The rat bites you but does no damage.
The hobgoblin barely misses you. The quokka misses you.
The hobgoblin barely misses you. The rat misses you. 😕 HP[+1]
You closely miss the hobgoblin.
The quokka bites you but does no damage.
The rat bites you.
The hobgoblin hits you but does no damage. 😕 HP[-2]
You take 2 damage, and now have 20/24 hp.
Unknown command.
You barely miss the hobgoblin. The quokka misses you.
The rat barely misses you. The quokka bites you.
The hobgoblin closely misses you. 😕 HP[-1]
You take 1 damage, and now have 19/24 hp.
Unknown command.
You completely miss the hobgoblin. The quokka bites you. The rat misses you.
The hobgoblin closely misses you. 😮 HP[-4]
You take 4 damage, and now have 15/24 hp.
Unknown command.
You are too injured to fight recklessly!
You closely miss the quokka. The quokka closely misses you. The rat bites you.
The hobgoblin closely misses you. 😮 HP[-2]
You take 2 damage, and now have 13/24 hp.
You are too injured to fight recklessly!
You closely miss the quokka. The quokka misses you. The rat bites you.
* * * LOW HITPOINT WARNING * * *
The hobgoblin hits you but does no damage.
Unknown command. 😨 HP[-2]
You take 2 damage, and now have 11/24 hp.
You closely miss the quokka. The quokka closely misses you. The rat bites you.
* * * LOW HITPOINT WARNING * * *
The hobgoblin closely misses you. The quokka bites you.
* * * LOW HITPOINT WARNING * * *
You are too injured to fight recklessly! 😨 HP[-4]
You take 4 damage, and now have 7/24 hp.
Unknown command.
You barely miss the quokka. The rat bites you.
* * * LOW HITPOINT WARNING * * *
The quokka barely misses you.
The hobgoblin closely misses you. 😱 HP[-1]
You take 1 damage, and now have 6/24 hp.
Unknown command.
The hobgoblin attacks as you move away! The hobgoblin closely misses you.
Unknown command.
You hit the quokka but do no damage. The quokka bites you.
* * * LOW HITPOINT WARNING * * *
The quokka misses you. 😱 HP[-4]
You take 4 damage, and now have 2/24 hp.
You closely miss the quokka. The quokka closely misses you.
Unknown command.
You aren't carrying any potions.
Unknown command.
As you read the scroll labelled RUORIVVOZIE, it crumbles to dust.
You feel strangely unstable.
It was a scroll of teleportation.
The quokka twitches its whiskers.
The quokka barely misses you.
Unknown command.
The quokka attacks as you move away! The quokka bites you.
You die...

Skill      XL: |  1  2 |
---------------+-------+-----
Short Blades   | 3 |  3.0
Fighting       | 3 |  3.0
Throwing       | |  1.7
Armour         | |  0.4
Dodging        | |  2.6

Action                   || total
-------------------------++-------
Melee: Rapier            ||    59
       Punch             ||     1
  Use: Scroll            ||     1
 Stab: Sleeping          ||     1
Armor: Leather armour    ||    21
Dodge: Dodged            ||    55

Levels and vault maps discovered:
D:1:      lemuel_arrival_lava_pool, layout_basic
D:2:      minmay_skewed_foursquare, layout_basic, basic_altar,
          hellmonk_ecumenical_altar_crossroads

Notes
Turn   | Place    | Note
-------+----------+-------------------------------------------
     0 | D:1      | ytrimaz the Demonspawn Gladiator began the quest for the
                  | Orb.
     0 | D:1      | Reached XP level 1. HP: 16/16 MP: 1/1
     0 | D:1      | magus.rc [v1.9.6]
   226 | D:1      | Gained mutation: You regenerate a little health from kills.
                  | [demonic ancestry]
   226 | D:1      | Reached XP level 2. HP: 23/23 MP: 2/2
   321 | D:1      | You pick up a book of Frost and begin reading...
   321 | D:1      | You add the spells Freeze, Frozen Ramparts and Hailstorm to
                  | your library.
   435 | D:1      | Reached skill level 3 in Short Blades
  1048 | D:2      | Reached skill level 3 in Fighting
  1060 | D:2      | HP: 6/24 [rat (1)]
  1063 | D:2      | HP: 2/24 [quokka (4)]
  1066 | D:2      | Slain by a quokka

Vanquished Creatures
  A dart slug (D:1)
  2 endoplasms (D:2)
  A giant cockroach (D:1)
  4 goblins
  A hobgoblin (D:1)
  A quokka (D:1)
  6 ball pythons
  2 bats (D:1)
  A frilled lizard (D:1)
  A kobold (D:1)
  A rat (D:1)
21 creatures vanquished.

Table legend:
 A = Non-vault XP
 B = Vault XP
 C = Vault XP percentage of total XP
 D = Non-vault monster count
 E = Vault monster count
 F = Vault count percentage of total count
                 A         B        C        D         E       F
            +---------+---------+-------+---------+---------+-------
      Total |      36 |       0 |   0.0 |      21 |       0 |   0.0
            +---------+---------+-------+---------+---------+-------
        D:1 |      25 |       0 |   0.0 |      15 |       0 |   0.0
        D:2 |      11 |       0 |   0.0 |       6 |       0 |   0.0
            +---------+---------+-------+---------+---------+-------

Illustrated notes

Table legend:
 A = Kills in this place as a percentage of kills in entire the game.
 B = Kills by you in this place as a percentage of kills by you in the entire game.
 C = Kills by friends in this place as a percentage of kills by friends in the entire game.
 D = Other kills in this place as a percentage of other kills in the entire game.
 E = Experience gained in this place as a percentage of experience gained in the entire game.
 F = Experience gained in this place divided by the number of levels of this place that you have seen.
                   A       B       C       D       E      F
               +-------+-------+-------+-------+-------+----------------------
         Total | 100.0 | 100.0 |   N/A |   N/A | 100.0 |  18.0
       Dungeon | 100.0 | 100.0 |   N/A |   N/A | 100.0 |  18.0
               +-------+-------+-------+-------+-------+----------------------

Table legend: (Time is in decaauts)
 A = Elapsed time spent in this place.
 B = Non-inter-level travel time spent in this place.
 C = Inter-level travel time spent in this place.
 D = Time resting spent in this place.
 E = Time spent auto-exploring this place.
 F = Levels seen in this place.
 G = Mean time per level.
                   A        B        C        D        E       F      G
               +--------+--------+--------+--------+--------+-----+--------+
         Total |   1069 |   1039 |     30 |      0 |    914 |   2 |  534.5 |
       Dungeon |   1069 |   1039 |     30 |      0 |    914 |   2 |  534.5 |
               +--------+--------+--------+--------+--------+-----+--------+

Top non-repeatable levels by time:
     D:1: 922 daAuts
     D:2: 147 daAuts
